Map: Catalyst LE

Players

slewfactor - Winner!

  • Race: Zerg Zerg
  • League: Gold
  • Spawn Location: 5:00

Slayer

  • Race: Protoss Protoss
  • League: Gold
  • Spawn Location: 11:00

VOD

Have the link to the VOD?

Description

Time

  • Played on: Aug. 8, 2018, 10:09 p.m.
  • Length: 5:22
Show
View Real Time Build Order
Export as new Build Order

slewfactor Zerg - Winner!

Build Orders: Pool First 

Get SALT Encoding   

  12  0:01  Drone  
  13  0:11  Drone  
  14  0:26  Spawning Pool  
  13  0:30  Drone  
  14  0:37  Overlord  
  15  0:57  Drone x2  
  16  1:13  Queen  
  16  1:14  Zergling x4  
  20  1:24  Drone  
  20  1:25  Extractor  
  20  1:37  Zergling x2  
  21  1:41  Drone  
  22  1:52  Overlord  
  21  2:32  Zergling x4  
  21  2:33  Zergling x6  
  24  2:53  Metabolic Boost  
  24  3:02  Roach Warren  
  24  3:04  Overlord  
  23  3:06  Overlord  
  23  3:16  Zergling x2  
  23  3:17  Zergling x6  
  27  3:42  Roach x4  
  37  3:48  Roach x2  
  39  4:08  Hatchery  
  39  4:09  Zergling x4  
  40  4:10  Zergling x6  
  43  4:39  Roach  
  43  4:40  Overlord x2  
  41  5:05  Zergling x6  
Show
View Real Time Build Order
Export as new Build Order

Slayer Protoss 

Build Orders: Double Forge 

Get SALT Encoding   

  12  0:01  Probe  
  13  0:14  Pylon  
  13  0:18  Probe  
  14  0:30  Probe  
  14  0:34  Gateway  
  15  0:42  Probe  
  16  0:45  Assimilator  
  16  0:54  Probe  
  17  0:59  Gateway  
  17  1:06  Probe  
  18  1:18  Probe  
  18  1:21  Zealot  
  21  1:25  Cybernetics Core  
  21  1:31  Probe  
  22  1:40  Pylon  
  22  1:43  Probe  
  23  1:48  Warp Gate  
  23  1:49  Assimilator  
  23  1:58  Probe, Zealot  
  26  2:07  Stalker  
  28  2:25  Stalker  
  30  2:45  Gateway  
  30  2:46  Pylon  
  30  3:04  Stalker, Pylon  
  32  3:09  Forge, Probe  
  32  3:10  Forge  
  33  3:42  Nexus  
  33  4:05  Pylon  
  33  4:08  Zealot  
  35  4:10  Zealot  
  35  4:13  Probe  
  38  4:25  Probe  
  39  4:32  Pylon  
  39  4:43  Gateway  
  39  4:46  Gateway  
  37  5:03  Zealot x2  
Tags
 
Add a new tag
Caveats
  • Supply blocks, unpowered buildings, or Contaminate may cause inaccurate times.
  • Supply counts are checked every 10 seconds.